 Dungeon Crawl Stone Soup version 0.25-a0-479-g8579842fd4 (webtiles) character file.

Game seed: 10322071600839591590, levelgen mode: deterministic

7438 Kohma the Green Death (level 10, -8/86 HPs)
             Began as a Grey Draconian Venom Mage on Feb 9, 2020.
             Was a High Priest of Fedhas.
             Mangled by an orc warlord
             ... wielding a +4 war axe
              (34 damage)
             ... in a bailey.
             The game lasted 00:49:38 (14062 turns).

Kohma the Green Death (Grey Draconian Venom Mage)  Turns: 14062, Time: 00:49:38

Health: -8/86      AC: 14    Str: 14    XL:     10   Next: 93%
Magic:  4/26       EV: 12    Int: 21    God:    Fedhas [*****.]
Gold:   588        SH:  5    Dex: 12    Spells: 2/15 levels left

rFire    . . .     SeeInvis .   a - +8 long sword "Nichec" {holy, rPois rC+ Str+4}
rCold    + . .     Gourm    .   i - +0 buckler
rNeg     . . .     Faith    .   (armour unavailable)
rPois    +         Spirit   .   D - +0 hat
rElec    .         Reflect  .   y - scarf {repulsion}
rCorr    .         Harm     .   l - +1 pair of gloves
MR       .....                  (no boots)
Stlth    ++........             (no amulet)
HPRegen  0.24/turn              G - +2 ring of intelligence (curse)
MPRegen  0.20/turn              s - ring of magical power

@: repel missiles
A: walk through water, unfitting armour, unbreathing, cold-blooded, AC +12
a: Wall of Briars, Grow Ballistomycete, Overgrow, Grow Oklob, Renounce Religion


You were in a bailey.
You worshipped Fedhas.
Fedhas was extremely pleased with you.
You were hungry.

You visited 1 branch of the dungeon, and saw 10 of its levels.
You also visited: Bailey.

You collected 588 gold pieces.

Inventory:

Hand Weapons
 a - the +8 long sword "Nichec" (weapon) {holy, rPois rC+ Str+4}
   (You acquired it on level 9 of the Dungeon)

   It has been blessed by the Shining One to cause great damage to the undead
   and demons.
   It affects your strength (+4).
   It protects you from cold.
   It protects you from poison.
 b - a +4 dagger of protection
Missiles
 o - 34 poisoned darts (quivered)
Armour
 i - a +0 buckler (worn)
 l - a +1 pair of gloves (worn)
 y - a scarf of repulsion (worn)
 D - a +0 hat (worn)
Jewellery
 h - an uncursed ring of fire
 s - a ring of magical power (right hand)
 G - a cursed +2 ring of intelligence (left hand)
Wands
 k - a wand of polymorph (5)
 C - a wand of random effects (29)
Scrolls
 d - 2 scrolls of fear
 e - 3 scrolls of enchant weapon
 j - 4 scrolls of amnesia
 w - 5 scrolls of remove curse
 A - 7 scrolls of teleportation
 H - a scroll of blinking
Potions
 c - 2 potions of agility
 f - 3 potions of curing
 m - a potion of cancellation
 n - a potion of haste {unknown}
 p - 2 potions of resistance
 q - a potion of invisibility
 r - 3 potions of heal wounds
 t - a potion of brilliance {unknown}
 u - a potion of might
 v - 2 potions of ambrosia
 z - 3 potions of lignification
 F - 3 potions of magic
Comestibles
 g - 2 chunks of flesh
 K - 14 rations


   Skills:
 + Level 7.2 Fighting
 + Level 6.6 Long Blades
 - Level 1.7 Dodging
 - Level 1.7 Stealth
 - Level 4.0 Shields
 - Level 3.0 Spellcasting
 - Level 2.2 Conjurations
 - Level 4.0 Hexes
 - Level 1.0 Transmutations
 - Level 2.2 Air Magic
 - Level 8.0 Poison Magic
 + Level 9.7 Invocations


You had 2 spell levels left.
You knew the following spells:

 Your Spells              Type           Power        Failure   Level  Hunger
a - Sting                 Tmut/Pois      ###.         1%          1    None
b - Poisonous Vapours     Pois/Air       ###...       2%          2    ##.....
c - Mephitic Cloud        Conj/Pois/Air  ###.....     8%          3    ###....
d - Olgreb's Toxic Radia  Pois           #####...     4%          4    ####...
e - Confusing Touch       Hex            ###.....     8%          3    ###....

Your spell library contained the following spells:

 Spells                   Type           Power        Failure   Level  Hunger
 Corona                   Hex            ###....      2%          1    None
 Ensorcelled Hibernation  Hex/Ice        ##....       9%          2    ##.....
 Tukima's Dance           Hex            ###.....     8%          3    ###....
 Dazzling Flash           Conj/Hex       ###...       11%         3    ###....
 Ignite Poison            Fire/Tmut/Pois ###.....     12%         3    ###....


Dungeon Overview and Level Annotations

Branches:
Dungeon (10/15)            Temple (0/1) D:7             Orc (0/2) D:9
 Bailey (1/1)
   Lair: D:8-11

Altars:
Elyvilon
Fedhas
Nemelex Xobeh
Sif Muna


Innate Abilities, Weirdness & Mutations

You can walk through water.
Your dull iron-grey scales are very hard. (AC +12)
You cannot fit into any form of body armour.
You can survive without breathing.
You are cold-blooded and may be slowed by cold attacks.


Message History

Aim: an orc warlord, wielding a +4 war axe and wearing a +0 scale mail (heavily wounded, very poisoned, confused) Poisonous vapours surround the orc warlord!
The orc warlord is engulfed in poison gas.
The orc warlord looks as sick as possible!
You slash the orc warlord!
The orc warlord is heavily wounded.
The orc warlord seems less confused.
The orc warlord hits you with a +4 war axe!!
You slash the orc warlord!
The orc warlord is severely wounded.
The orc warlord hits you with a +4 war axe!!
* * * LOW HITPOINT WARNING * * *
Casting: Poisonous Vapours (safe; 2% risk of failure)
Confirm with . or Enter, or press ? or * to list all spells.
Aiming: Mephitic Cloud (safe; 8% risk of failure)
Press: ? - help, Shift-Dir - straight line, p - orc warlord The ball explodes into a vile cloud!
The orc warlord hits you with a +4 war axe!!
You die...
Fedhas appreciates your contribution to the ecosystem.

..≈≈≈.#≈.........≈#.≈≈≈...♣
..≈≈≈.#≈≈.8...8.≈ #.≈≈≈((.♣
((###(###.......###'###..♣♣
.##....#≈.8...8.≈#....##.♣
##...).#≈≈≈≈≈≈≈≈≈#.....##♣
#.....)####≈≈≈####......##
...8......#'''#......8...#
...........).()..o.☼§....#
...........)...)@..☼§....#
#..8..8...........8☼☼8..##
##.......#######.......##
##.....## ##.....## ##...##
##...## ##### #####


You could see an orc warlord.

Vanquished Creatures
  A two-headed ogre (D:8)
  2 trolls (D:9)
  A hippogriff (D:9)
  A slime creature (D:9)
  A spriggan (D:8)
  6 yaks
  A steam dragon (D:6)
  Edmund (D:5)
  A water moccasin (D:9)
  A hornet zombie (D:6)
  3 ice beasts
  A phantom (D:6)
  6 orc warriors
  A necrophage (D:7)
  A sky beast (D:2)
  12 ogres
  2 centaurs
  4 big kobolds
  A water moccasin zombie (D:6)
  2 bullfrogs
  2 scorpions
  A wyvern skeleton (D:6)
  6 killer bees
  3 wights
  An electric eel (D:8)
  2 howler monkeys (D:9)
  2 crimson imps
  A quasit (D:6)
  5 bullfrog skeletons
  3 orc priests
  A hound (D:4)
  7 jellies
  2 gnoll shamans
  A centaur skeleton (D:8)
  3 orc wizards
  An iguana (D:4)
  2 worker ants
  Robin (D:3)
  10 gnolls
  9 adders
  A shadow imp (D:7)
  11 oozes
  An adder zombie (D:5)
  3 adder skeletons
  5 worms
  3 dart slugs
  9 leopard geckos
  38 orcs
  2 giant cockroaches
  22 goblins
  12 hobgoblins
  13 jackals
  7 quokkas
  A ball python (D:2)
  14 bats
  6 frilled lizards
  30 kobolds
  2 quokka skeletons
  A quokka zombie (D:6)
  11 rats
304 creatures vanquished.

Vanquished Creatures (collateral kills)
  4 ballistomycete spores (D:9)
4 creatures vanquished.

Vanquished Creatures (others)
  A steam dragon (D:6)
  A necrophage (D:9)
  A big kobold (D:9)
  An iguana (D:9)
  7 fungi (D:9)
11 creatures vanquished.

Grand Total: 319 creatures vanquished

Notes
Turn   | Place    | Note
-------+----------+-------------------------------------------
     0 | D:1      | Kohma the Draconian Venom Mage began the quest for the Orb.
     0 | D:1      | Reached XP level 1. HP: 14/14 MP: 3/3
   287 | D:1      | Reached XP level 2. HP: 19/20 MP: 3/5
   303 | D:1      | Learned a level 2 spell: Poisonous Vapours
  1054 | D:1      | Reached skill level 1 in Air Magic
  1054 | D:1      | Reached XP level 3. HP: 26/26 MP: 1/6
  1251 | D:1      | You fall into a shaft and drop 1 floor!
  1497 | D:2      | Learned a level 3 spell: Mephitic Cloud
  1662 | D:2      | Noticed a sky beast
  1764 | D:2      | Killed a sky beast
  1764 | D:2      | Reached skill level 1 in Shields
  1764 | D:2      | Reached XP level 4. HP: 33/33 MP: 1/8
  1764 | D:2      | Reached XP level 5. HP: 38/38 MP: 1/9
  2141 | D:2      | Found a blossoming altar of Fedhas.
  2151 | D:2      | Became a worshipper of Fedhas Madash
  2511 | D:3      | Noticed Robin
  3070 | D:3      | Reached * piety under Fedhas
  3072 | D:3      | Killed Robin
  3784 | D:4      | Reached skill level 1 in Conjurations
  3914 | D:4      | Reached XP level 6. HP: 35/45 MP: 1/10
  4135 | D:4      | Reached skill level 5 in Poison Magic
  4182 | D:4      | Reached ** piety under Fedhas
  5058 | D:5      | Entered Level 5 of the Dungeon
  5274 | D:5      | Noticed Edmund
  5410 | D:5      | Your scales start taking on a dull iron-grey colour.
  5410 | D:5      | Reduced skill Air Magic to level 1
  5410 | D:5      | Reached XP level 7. HP: 32/50 MP: 1/11
  5410 | D:5      | Gained mutation: You can survive without breathing. [Grey
                  | Draconian growth]
  5562 | D:5      | Learned a level 4 spell: Olgreb's Toxic Radiance
  5616 | D:5      | Killed Edmund
  6174 | D:5      | Found a sparkling altar of Nemelex Xobeh.
  6342 | D:5      | Reached skill level 1 in Invocations
  6342 | D:5      | Reached XP level 8. HP: 57/57 MP: 2/12
  6680 | D:6      | Learned a level 3 spell: Confusing Touch
  6721 | D:6      | Reached skill level 2 in Invocations
  6852 | D:6      | Reached skill level 3 in Invocations
  6858 | D:6      | Reached skill level 4 in Invocations
  6860 | D:6      | Reached *** piety under Fedhas
  7206 | D:6      | Reached skill level 5 in Invocations
  7646 | D:6      | Reached skill level 6 in Invocations
  7690 | D:6      | HP: 1/58 [steam dragon] (8)]
  8055 | D:6      | Reached skill level 1 in Fighting
  8273 | D:6      | Reached skill level 1 in Long Blades
  8273 | D:6      | Reached skill level 1 in Hexes
  8273 | D:6      | Reached XP level 9. HP: 62/64 MP: 10/13
  8593 | D:7      | Found a staircase to the Ecumenical Temple.
  9069 | D:7      | Reached skill level 7 in Invocations
  9205 | D:7      | Found a white marble altar of Elyvilon.
  9226 | D:7      | Reached **** piety under Fedhas
  9800 | D:7      | Found a shimmering blue altar of Sif Muna.
 10056 | D:8      | Noticed a two-headed ogre
 10093 | D:8      | Killed a two-headed ogre
 10093 | D:8      | Reached skill level 8 in Invocations
 10093 | D:8      | Reached XP level 10. HP: 42/80 MP: 4/16
 10857 | D:9      | Reached skill level 5 in Fighting
 11287 | D:9      | Reached skill level 5 in Long Blades
 11563 | D:9      | Found a staircase to the Orcish Mines.
 11670 | D:9      | Reached ***** piety under Fedhas
 11897 | D:9      | Identified a scroll of acquirement
 11897 | D:9      | Identified the +8 long sword "Nichec" {holy, rPois rC+
                  | Str+4} (You acquired it on level 9 of the Dungeon)
 11897 | D:9      | Identified the amulet of Myut {-Tele +Rage rElec rPois
                  | Int+3} (You acquired it on level 9 of the Dungeon)
 11897 | D:9      | Identified the +3 large shield "Velausyuxt" {+Blink rElec}
                  | (You acquired it on level 9 of the Dungeon)
 11971 | D:9      | Reached skill level 9 in Invocations
 13534 | D:10     | Entered Level 10 of the Dungeon
 13536 | D:10     | Found a flagged portal.
 13545 | Bailey   | Entered a bailey
 13562 | Bailey   | Noticed an orc warlord
 13878 | Bailey   | Found a runed translucent gate.
 13889 | Bailey   | Found a runed translucent gate.
 13890 | Bailey   | Found a runed translucent gate.
 14062 | Bailey   | Mangled by an orc warlord

Levels and vault maps discovered:
D:1:      dpeg_arrival_boxorama, layout_rooms, serial_rivers,
          chequers_serial_rivers_marsh, chequers_serial_rivers_small_3,
          chequers_serial_rivers_large_b, chequers_serial_rivers_small_3,
          chequers_serial_rivers_micro_d, chequers_serial_rivers_marsh,
          minmay_tiny_reverse_x
D:2:      cheibrodos_greedy_goblins, layout_basic, fedhas_altar_2, serial_bayou,
          serial_bayou_ford_a, serial_bayou_shore_b, serial_bayou_pond_d,
          serial_bayou_lagoon_a, serial_bayou_pond_e, hangedman_decor_push
D:3:      layout_loops_ring, serial_bayou_pond_e, uniq_robin
D:4:      layout_layer_cave, first_ration
D:5:      layout_gridville, nemelex_xobeh_ov_fountains_minmay,
          kennysheep_generic_room_4, uniq_edmund
D:6:      cheibrodos_steamvent, layout_basic
D:7:      layout_basic, elyvilon_altar_3, old_standard_altar,
          minmay_temple_entry_junction
D:8:      layout_loops_ring, the_bakery, minivault_14
D:9:      lemuel_slime, layout_cave_pods,
          kennysheep_orc_monster_closet_entryway, lemuel_flamethrower_2
D:10:     layout_stronghold, enter_bailey_6, serial_glass, glass_columns_c,
          glass_columns_c
Bailey:   bailey_axe_bossmonster_kennysheep, bailey

Skill      XL: |  1  2  3  4  5  6  7  8  9 10 |
---------------+-------------------------------+-----
Air Magic      | 1 2 1 2 |  2.2
Shields        | 1 2 3 4 |  4.0
Poison Magic   | 4 5 7 8 |  8.0
Spellcasting   | 3 |  3.0
Conjurations   | 1 2 |  2.2
Invocations    | 1 6 8 9 |  9.7
Fighting       | 1 4 7 |  7.2
Long Blades    | 1 4 6 |  6.6
Hexes          | 1 3 4 |  4.0
Dodging        | |  1.7
Stealth        | |  1.7
Transmutations | |  1.0

Action                   |  1- 3 |  4- 6 |  7- 9 | 10-12 || total
-------------------------+-------+-------+-------+-------++-------
Melee: Dagger            |    51 |   112 |       |       ||   163
       Tailslap          |     5 |     7 |    52 |    30 ||    94
       Unarmed           |     1 |       |       |       ||     1
       Short sword       |       |    19 |   374 |   135 ||   528
       Long sword        |       |       |       |    71 ||    71
Throw: Stone             |       |       |     3 |       ||     3
       Dart              |       |       |       |     1 ||     1
 Cast: Sting             |    29 |     8 |     8 |     7 ||    52
       Poisonous Vapours |    23 |    64 |    87 |   116 ||   290
       Mephitic Cloud    |       |     6 |    14 |    11 ||    31
       Confusing Touch   |       |       |       |     1 ||     1
Invok: Grow Ballistomyce |       |       |       |     1 ||     1
  Use: Scroll            |       |    13 |     4 |     6 ||    23
       Potion            |       |       |     3 |       ||     3
 Stab: Confused          |       |       |     1 |     2 ||     3
  Eat: Chunk             |     4 |    14 |    15 |    15 ||    48
       Ration            |       |     1 |     1 |     1 ||     3
Armor: Skin              |    40 |    31 |   218 |    88 ||   377
Dodge: Dodged            |    80 |    83 |   255 |   130 ||   548
       Deflected         |       |       |     1 |     9 ||    10
Block: Buckler           |       |       |    76 |    46 ||   122
       Rpst.: Long sword |       |       |       |     9 ||     9

Table legend:
 A = Non-vault XP
 B = Vault XP
 C = Vault XP percentage of total XP
 D = Non-vault monster count
 E = Vault monster count
 F = Vault count percentage of total count
                 A         B        C        D         E       F
            +---------+---------+-------+---------+---------+-------
      Total |    7860 |    2767 |  26.0 |     221 |      84 |  27.5
            +---------+---------+-------+---------+---------+-------
        D:1 |      42 |       3 |   6.7 |      29 |       2 |   6.5
        D:2 |     169 |      18 |   9.6 |      18 |       9 |  33.3
        D:3 |      47 |      25 |  34.7 |      23 |       7 |  23.3
        D:4 |     299 |       0 |   0.0 |      21 |       0 |   0.0
        D:5 |     837 |     157 |  15.8 |      26 |       1 |   3.7
        D:6 |    1168 |     326 |  21.8 |      26 |       2 |   7.1
        D:7 |    1787 |       0 |   0.0 |      37 |       0 |   0.0
        D:8 |    1113 |     205 |  15.6 |       9 |       1 |  10.0
        D:9 |    2398 |    1712 |  41.7 |      32 |      36 |  52.9
     Bailey |       0 |     321 | 100.0 |       0 |      26 | 100.0
            +---------+---------+-------+---------+---------+-------
